 Dungeon Crawl Stone Soup version 0.28.0-45-g0d030f2227 (webtiles) character file.

Game seed: 9461050829351918835

228 Descartes the Ruffian (level 5, -3/50 HPs)
             Began as a Troll Delver on Apr 13, 2022.
             Slain by a killer bee (7 damage)
             ... on level 4 of the Dungeon.
             The game lasted 00:01:23 (652 turns).

Descartes the Ruffian (Troll Delver)                 Turns: 652, Time: 00:01:24

Health: -3/50      AC:  4    Str: 20    XL:     5   Next: 70%
Magic:  4/4        EV:  9    Int:  8    God:
Gold:   30         SH:  0    Dex: 11    Spells: 4/4 levels left

rFire   . . .      SeeInvis .     - Unarmed
rCold   . . .      Faith    .   (no shield)
rNeg    . . .      Spirit   .   a - +0 robe
rPois   .          Reflect  .   (helmet restricted)
rElec   .          Harm     .   (no cloak)
rCorr   .          Rampage  .   (gloves unavailable)
Will    .....                   (boots unavailable)
Stlth   ++........              (no amulet)
HPRegen 0.96/turn               (no ring)
MPRegen 0.09/turn               (no ring)

@: lethally poisoned (-3 -> -16), flying
A: large, unfitting armour, claws 3, regeneration 1, shaggy fur 1, tough skin 1
a: no special abilities


You were on level 4 of the Dungeon.
You visited 1 branch of the dungeon, and saw 2 of its levels.

You collected 30 gold pieces.

Inventory:

Missiles
 h - 25 stones (quivered)
 i - 5 poisoned darts
 k - 4 large rocks
Armour
 a - a +0 robe (worn)
Wands
 f - a wand of digging (3)
 n - a wand of polymorph (10)
Scrolls
 b - a scroll of fog
 c - a scroll of magic mapping
 d - 2 scrolls of fear
 l - a scroll of identify {unknown}
Potions
 e - a potion of haste
 j - a potion of mutation {unknown}


   Skills:
 - Level 2.4 Fighting
 - Level 1.5 Dodging
 - Level 2.7 Stealth
 + Level 6.1 Unarmed Combat


You had 4 spell levels left.
You didn't know any spells.
Your spell library was empty.

Dungeon Overview and Level Annotations

Branches:
Dungeon (5/15)
 Temple: D:4-7

Altars:


Innate Abilities, Weirdness & Mutations

You are too large for most types of armour.
You have claws for hands.
Your natural rate of healing is unusually fast.
You are covered in fur. (AC +1)
You have tough skin. (AC +1)


Message History

The killer bee is severely wounded.
You feel very sick. The killer bee barely misses you.
The killer bee stings you!
* * * LOW HITPOINT WARNING * * *
You barely miss the killer bee.
The killer bee is severely wounded.
You feel sick. The killer bee barely misses you.
The killer bee stings you but does no damage.
It was a potion of flight.
You feel very buoyant.
You fly up into the air.
You feel sick. The killer bee barely misses you. x2
It was a potion of curing.
You feel better. The killer bee barely misses you.
The killer bee closely misses you.
You miss the killer bee.
The killer bee is severely wounded.
The killer bee stings you.
* * * LOW HITPOINT WARNING * * *
You are poisoned.
The killer bee poisons you!
You closely miss the killer bee.
The killer bee is severely wounded.
You feel sick. The killer bee barely misses you. x2
Unknown command.
You claw the killer bee!
You kill the killer bee!
You feel sick. The killer bee stings you.
* * * LOW HITPOINT WARNING * * *
You are more poisoned.
The killer bee poisons you!
Your Unarmed Combat skill increases to level 6!
You completely miss the killer bee.
* * * LOW HITPOINT WARNING * * *
You feel very sick. The killer bee stings you.
* * * LOW HITPOINT WARNING * * *
You are more poisoned.
The killer bee poisons you!
A killer bee comes into view.
The killer bee stings you!
You die...

#######......................#
#.......#######>..######...###
#.####### ##.## #...# #.#
#.#######...#### ##.##
#.............†. ##...##
##########>#####
#.....############ #.#
.................# #.#
#.....##########@# #.#
.............# #y# #.#
###.########.# #y# #.# .####
#.# #yy?..... ^.. .# #.#
####y#### ### .# #####.# # .##
#.....# ..######.#####
...........#


You could see 4 killer bees.

Vanquished Creatures
  A scorpion (D:4)
  A killer bee (D:4)
  A howler monkey (D:4)
  A hound (D:4)
  An iguana (D:4)
  An adder (D:4)
  2 worms (D:4)
  A dart slug (D:4)
  5 orcs (D:4)
  2 endoplasms (D:4)
  A quokka (D:4)
  2 ball pythons (D:4)
  A goblin (D:4)
  2 kobolds (D:4)
22 creatures vanquished.

Notes
Turn   | Place    | Note
-------+----------+-------------------------------------------
     0 | D:5      | Descartes the Troll Delver began the quest for the Orb.
     0 | D:5      | Reached XP level 1. HP: 22/22 MP: 0/0
   205 | D:4      | Noticed an iguana
   210 | D:4      | Noticed a howler monkey
   224 | D:4      | Killed an iguana
   225 | D:4      | Reached skill level 3 in Unarmed Combat
   225 | D:4      | Reached XP level 2. HP: 13/29 MP: 1/1
   248 | D:4      | Reached XP level 3. HP: 20/36 MP: 2/2
   257 | D:4      | Reached skill level 4 in Unarmed Combat
   257 | D:4      | Reached XP level 4. HP: 32/44 MP: 3/3
   308 | D:4      | Noticed a scorpion
   318 | D:4      | Killed a scorpion
   319 | D:4      | Reached skill level 5 in Unarmed Combat
   369 | D:4      | Reached XP level 5. HP: 50/50 MP: 4/4
   652 | D:4      | Reached skill level 6 in Unarmed Combat
   652 | D:4      | Slain by a killer bee

Illustrated notes

Levels and vault maps discovered:
D:4:      layout_loops_ring
D:5:      layout_layer_cave, grunt_decor_resistance, serial_park_tiny_2,
          uniq_sigmund

Skill      XL: |  1  2  3  4  5 |
---------------+----------------+-----
Unarmed Combat | 3 4 5 6 |  6.1
Fighting       | |  2.4
Dodging        | |  1.5
Stealth        | |  2.7

Action                   |  1- 3 |  4- 6 || total
-------------------------+-------+-------++-------
Melee: Unarmed           |    25 |    45 ||    70
       Punch             |     1 |     1 ||     2
  Use: Potion            |       |     2 ||     2
 Stab: Sleeping          |       |     2 ||     2
       Distracted        |       |     1 ||     1
Armor: Robe              |     3 |     4 ||     7
Dodge: Dodged            |     8 |    22 ||    30
